Map: Simulacrum LE

Players

Armani

  • Race: Zerg Zerg
  • League: Grandmaster
  • Spawn Location: 11:00

LiquidTaeJa (TaeJa) - Winner!

  • Race: Terran Terran
  • League: Grandmaster
  • Spawn Location: 5:00

VOD

Have the link to the VOD?

Description

Time

  • Played on: Jan. 9, 2020, 6:43 a.m.
  • Length: 11:40
Show
View Real Time Build Order
Export as new Build Order

Armani Zerg 

Build Orders: Hatch First 

Get SALT Encoding   

  12  0:00  Drone  
  13  0:12  Overlord  
  13  0:18  Drone  
  14  0:31  Drone x2  
  16  0:48  Hatchery  
  15  0:52  Drone  
  15  0:56  Drone  
  17  0:59  Drone  
  18  1:08  Extractor  
  17  1:14  Spawning Pool  
  17  1:17  Drone  
  17  1:20  Drone  
  18  1:28  Drone  
  19  1:39  Drone  
  20  1:48  Overlord  
  20  2:01  Zergling x2, Queen x2  
  20  2:02  Zergling x2  
  26  2:10  Metabolic Boost  
  26  2:11  Drone  
  26  2:12  Drone  
  28  2:22  Drone  
  29  2:24  Drone  
  30  2:34  Drone  
  30  2:36  Queen  
  32  2:37  Drone  
  34  2:46  Drone  
  35  2:53  Drone  
  36  2:59  Hatchery  
  36  3:03  Pneumatized Carapace  
  36  3:04  Drone  
  36  3:13  Overlord  
  36  3:18  Extractor, Queen  
  36  3:19  Extractor  
  36  3:20  Extractor, Drone  
  39  3:27  Overlord  
  39  3:31  Drone  
  39  3:32  Drone x4  
  45  3:48  Drone x8  
  52  3:59  Lair  
  52  4:00  Overlord  
  52  4:03  Overlord  
  52  4:07  Overlord  
  52  4:10  Queen  
  52  4:12  Drone  
  52  4:13  Roach Warren  
  52  4:16  Queen  
  56  4:19  Drone  
  56  4:23  Drone  
  58  4:26  Zergling x8  
  58  4:29  Drone, Baneling Nest  
  63  4:31  Drone  
  63  4:34  Drone x3  
  63  4:35  Extractor  
  63  4:36  Extractor  
  63  4:38  Drone  
  66  4:39  Drone  
  66  4:43  Drone  
  66  4:45  Zergling x2  
  69  4:49  Drone x3  
  72  4:53  Drone  
  72  4:54  Drone  
  72  4:55  Overlord  
  72  4:56  Overlord  
  72  4:57  Overlord  
  74  5:03  Evolution Chamber  
  74  5:05  Drone x2, Evolution Chamber  
  74  5:06  Overlord  
  74  5:13  Centrifical Hooks  
  74  5:17  Drone x3  
  74  5:19  Drone x4  
  80  5:22  Extractor x2  
  80  5:23  Drone x2  
  80  5:25  Drone  
  80  5:27  Drone x2  
  80  5:28  Drone x2  
  84  5:32  Zerg Ground Armor Level 1  
  84  5:34  Zerg Melee Weapons Level 1  
  85  5:38  Drone  
  86  5:44  Zergling x8  
  90  5:53  Zergling x6  
  90  5:55  Hatchery  
  92  5:59  Drone x4  
  92  6:00  Drone  
  92  6:01  Extractor  
  95  6:07  Hatchery  
  94  6:12  Baneling x7  
  94  6:13  Zergling x2, Baneling x2  
  94  6:14  Zergling x6  
  94  6:17  Zergling x8  
  102  6:24  Zergling x2  
  103  6:25  Hydralisk Den  
  103  6:28  Zergling x8  
  103  6:31  Baneling x4  
  106  6:33  Overlord  
  106  6:40  Overlord  
  106  6:42  Overlord  
  106  6:52  Zergling x12  
  106  6:53  Zergling x2  
  113  6:57  Grooved Spines  
  113  6:59  Infestation Pit, Hydralisk  
  113  7:00  Hydralisk x3  
  119  7:02  Hydralisk x2  
  119  7:03  Hydralisk x2  
  119  7:05  Baneling x3  
  119  7:06  Baneling  
  123  7:17  Hydralisk  
  123  7:18  Hydralisk x4  
  130  7:26  Zergling x10  
  134  7:30  Queen  
  134  7:31  Drone x2  
  134  7:35  Zerg Ground Armor Level 2  
  138  7:37  Baneling  
  138  7:38  Baneling  
  138  7:40  Zergling x8  
  138  7:43  Baneling x6  
  141  7:44  Overlord  
  141  7:48  Overlord  
  139  7:53  Zergling x4  
  141  7:59  Overlord  
  141  8:03  Zergling x12  
  141  8:04  Zergling x4  
  141  8:05  Baneling x4  
  148  8:06  Queen, Baneling  
  147  8:13  Zerg Melee Weapons Level 2  
  147  8:15  Zergling x10  
  147  8:16  Zergling x2  
  153  8:20  Drone  
  153  8:22  Baneling x4  
  153  8:23  Baneling x2  
  153  8:26  Zergling x12  
  160  8:31  Muscular Augments  
  160  8:32  Overlord  
  160  8:34  Baneling x7  
  160  8:37  Hydralisk  
  156  8:52  Zergling x2  
  156  8:53  Zergling x28  
  147  9:03  Zergling x14  
  147  9:05  Baneling x3  
  147  9:06  Baneling x7  
  150  9:15  Zergling x8  
  138  9:18  Hydralisk  
  138  9:22  Zergling x2  
  138  9:23  Zergling x10  
  146  9:27  Baneling x2  
  146  9:30  Hydralisk  
  148  9:33  Hydralisk x5  
  153  9:44  Zergling x2  
  153  9:45  Zergling x20  
  132  9:54  Hatchery  
  132  9:55  Hydralisk  
  117  10:02  Zergling x12  
  117  10:06  Zergling x6  
  117  10:11  Baneling  
  117  10:12  Baneling x9  
  117  10:13  Zergling x2  
  117  10:15  Zergling x2  
  117  10:22  Zergling x6  
  117  10:27  Baneling x7  
  119  10:30  Zergling x6  
  120  10:36  Zergling x8  
  107  10:46  Hydralisk x4  
  107  10:49  Zergling x6  
  111  10:58  Zergling x12  
  111  11:01  Baneling Nest  
  111  11:02  Drone  
  113  11:06  Hydralisk x2  
  113  11:09  Hydralisk  
  113  11:10  Hydralisk  
  120  11:13  Zergling x2  
  122  11:18  Zergling x4  
Show
View Real Time Build Order
Export as new Build Order

LiquidTaeJa Terran - Winner!

Build Orders: Reaper Expand 

Get SALT Encoding   

  12  0:00  SCV  
  13  0:12  SCV  
  14  0:17  Supply Depot  
  14  0:25  SCV  
  15  0:38  SCV  
  15  0:41  Barracks  
  16  0:44  Refinery  
  16  0:50  SCV  
  17  1:02  SCV  
  18  1:15  SCV  
  19  1:27  Orbital Command  
  19  1:28  Reaper  
  20  1:40  Command Center  
  20  1:50  Supply Depot  
  20  1:53  SCV  
  21  2:00  Marine  
  22  2:05  SCV  
  23  2:09  Factory  
  23  2:17  SCV  
  23  2:22  Barracks Reactor  
  24  2:29  SCV  
  25  2:40  Command Center  
  25  2:44  SCV  
  26  2:52  Orbital Command  
  26  2:56  SCV  
  27  3:01  Refinery  
  27  3:05  Starport  
  27  3:10  SCV  
  27  3:12  Marine  
  29  3:18  SCV  
  30  3:24  SCV  
  30  3:25  Hellion  
  30  3:26  Hellion  
  35  3:30  SCV  
  35  3:33  Barracks Tech Lab  
  36  3:36  SCV  
  36  3:42  SCV  
  36  3:44  Viking  
  39  3:48  SCV  
  39  3:49  Hellion x2  
  39  3:54  Orbital Command  
  44  3:57  SCV  
  44  4:00  SCV  
  46  4:04  Marine  
  46  4:05  Stimpack  
  46  4:09  SCV  
  48  4:12  SCV, Hellion x2  
  48  4:17  Starport Reactor  
  53  4:19  Supply Depot  
  53  4:20  SCV  
  53  4:21  SCV  
  53  4:23  Marine  
  56  4:24  SCV  
  57  4:32  SCV  
  57  4:33  SCV  
  57  4:37  SCV  
  60  4:38  Barracks  
  60  4:39  Barracks  
  60  4:43  Supply Depot  
  60  4:44  SCV, Marine  
  62  4:45  Factory Reactor  
  62  4:49  SCV  
  62  4:51  SCV  
  62  4:52  Engineering Bay x2  
  64  4:57  Refinery  
  64  4:58  Orbital Command  
  64  5:01  SCV  
  64  5:02  Marine  
  64  5:03  SCV  
  67  5:08  Supply Depot  
  67  5:13  SCV  
  68  5:15  SCV  
  68  5:16  Refinery  
  68  5:20  Terran Infantry Weapons Level 1, Terran Infantry Armor Level 1  
  69  5:25  Marine x2  
  69  5:26  Marine  
  69  5:27  SCV  
  73  5:28  Supply Depot  
  73  5:29  Medivac x2  
  73  5:30  SCV x2  
  73  5:31  Supply Depot  
  73  5:33  Factory Tech Lab  
  79  5:38  Marine x2  
  79  5:39  SCV  
  79  5:42  SCV  
  83  5:43  Marine, SCV  
  83  5:46  Barracks  
  83  5:48  Barracks  
  85  5:50  Marine x2  
  85  5:51  Combat Shield, Siege Tank  
  85  5:56  SCV  
  91  5:58  SCV  
  91  5:59  SCV  
  91  6:03  Supply Depot x2  
  93  6:05  Marine  
  93  6:06  Marine x2  
  93  6:07  Marine  
  93  6:09  SCV  
  98  6:12  SCV x2  
  98  6:13  Marine  
  101  6:22  Barracks  
  101  6:23  Barracks  
  101  6:25  Marine, Medivac x2, Barracks  
  106  6:26  Supply Depot  
  106  6:27  Supply Depot  
  106  6:31  Siege Tank  
  109  6:37  Marine x4  
  109  6:39  Barracks Reactor x2  
  113  6:44  Supply Depot x2  
  113  6:47  Marine  
  113  6:51  Supply Depot  
  113  6:52  Supply Depot  
  114  6:54  Marine  
  114  6:55  Marine x3  
  114  7:00  Medivac x2  
  122  7:03  Siege Tank  
  122  7:04  Marine  
  126  7:10  Marine x2  
  126  7:12  Marine x2  
  126  7:13  Marine x2  
  123  7:17  SCV x3  
  123  7:18  Marine x2  
  123  7:19  Marine x3  
  123  7:22  Marine  
  128  7:28  Marine x2, Armory  
  123  7:30  Marine x2  
  123  7:31  Marine x2  
  123  7:33  SCV x2  
  123  7:36  Marine x3  
  132  7:40  Siege Tank  
  135  7:50  Marine  
  135  7:51  Marine x4, SCV  
  137  8:14  Siege Tank  
  137  8:15  Marine x2  
  137  8:17  Terran Infantry Weapons Level 2, Terran Infantry Armor Level 2  
  137  8:18  SCV x3  
  145  8:29  Marine x2  
  145  8:30  Marine x6, SCV  
  145  8:31  Marine  
  145  8:32  SCV x2  
  157  8:40  Marine  
  157  8:41  Marine x2  
  143  8:51  Marine x2  
  143  8:52  SCV x3  
  148  8:56  Supply Depot, Siege Tank  
  135  9:04  Marine x3  
  135  9:05  Marine x3  
  141  9:10  Marine x2  
  141  9:12  Marine  
  123  9:17  Marine  
  123  9:18  Marine x2  
  123  9:19  Medivac  
  123  9:20  Medivac  
  123  9:22  Marine  
  131  9:27  Marine  
  131  9:28  Marine x3  
  135  9:35  Marine x4  
  137  9:41  Marine x3  
  137  9:44  Marine  
  131  9:45  Marine  
  131  9:46  Marine  
  131  9:47  Marine  
  129  9:56  Marine  
  129  9:57  Marine x4  
  129  9:58  Siege Tank  
  122  10:10  Marine x3  
  122  10:11  Marine x4  
  122  10:14  Marine  
  124  10:15  Marine  
  125  10:23  Marine x3  
  125  10:28  Marine x3  
  129  10:29  Marine  
  129  10:30  Marine x3, Siege Tank  
  129  10:31  Marine  
  138  10:36  Marine  
  138  10:41  Marine  
  129  10:46  Marine x5  
  129  10:47  Marine  
  128  10:50  Marine  
  128  10:52  Marine x3  
  132  10:57  Marine  
  132  10:58  SCV  
  132  10:59  Marine  
  132  11:04  Marine  
  133  11:07  Marine x4  
  133  11:08  Marine  
Tags
 
Add a new tag
Caveats
  • Supply blocks, unpowered buildings, or Contaminate may cause inaccurate times.
  • Supply counts are checked every 10 seconds.